Map: Blackburn LE

Players

Sprayer

  • Race: Terran Terran
  • League: Gold

Oliver - Winner!

  • Race: Protoss Protoss

VOD

Have the link to the VOD?

Description

Time

  • Played on: Oct. 25, 2021, 3:59 p.m.
  • Length: 15:20
Show
View Real Time Build Order
Export as new Build Order

Sprayer Terran 

Build Orders:  

Get SALT Encoding   

  12  0:00  SCV  
  13  0:12  SCV  
  14  0:19  Supply Depot  
  14  0:26  SCV  
  15  0:42  Barracks  
  15  0:46  SCV  
  16  0:56  Refinery  
  16  0:58  SCV  
  17  1:12  SCV  
  18  1:29  Orbital Command  
  18  1:31  Supply Depot  
  18  1:42  Marine  
  19  1:54  Command Center  
  19  2:02  Barracks  
  19  2:04  Barracks Tech Lab  
  19  2:16  SCV  
  20  2:27  Refinery  
  20  2:28  SCV  
  21  2:38  Stimpack  
  21  2:49  Barracks  
  21  2:51  Barracks Reactor  
  21  2:58  SCV  
  22  3:07  Marauder  
  24  3:21  Factory  
  24  3:28  Marine  
  24  3:34  SCV  
  26  3:45  Barracks Reactor  
  26  3:46  SCV  
  27  3:52  Supply Depot, SCV  
  28  4:02  Marine x2  
  30  4:03  Marauder  
  30  4:04  SCV  
  33  4:11  Factory Tech Lab  
  33  4:16  Supply Depot, SCV  
  34  4:23  SCV  
  35  4:24  Marine  
  35  4:25  Marine  
  35  4:26  Marine, Marauder  
  35  4:28  SCV  
  41  4:34  Starport  
  41  4:35  SCV  
  42  4:39  Supply Depot  
  42  4:40  SCV  
  43  4:52  Orbital Command  
  43  4:59  Marine x4  
  48  5:00  Marauder  
  48  5:01  Supply Depot  
  49  5:17  Marine  
  52  5:21  Marauder  
  52  5:23  Siege Tank  
  52  5:25  SCV  
  56  5:38  SCV  
  56  5:39  Barracks  
  57  5:44  Starport Reactor  
  57  5:53  Engineering Bay  
  57  6:01  Marine  
  57  6:02  Marine x3, Marauder  
  63  6:08  SCV  
  63  6:10  Supply Depot  
  64  6:19  Marine x2  
  64  6:20  Marine x2, Engineering Bay, SCV  
  64  6:23  Marauder  
  71  6:28  Bunker, Barracks  
  71  6:34  Medivac x2  
  71  6:38  Terran Infantry Weapons Level 1  
  75  6:44  Marauder  
  77  6:47  Supply Depot  
  80  7:08  Siege Tank  
  80  7:14  Medivac  
  82  7:34  Marine x4  
  82  7:35  Marauder  
  70  7:52  Marine x2  
  70  7:56  Marauder  
  72  8:02  Marine x2  
  74  8:09  Marine x2  
  74  8:12  Armory  
  76  8:16  Siege Tank  
  76  8:17  Marine  
  80  8:20  Marine x2  
  82  8:27  Marine  
  79  9:49  Marine  
  79  9:50  Marine x4  
  84  10:07  Marine  
  84  10:08  Marine x4  
  32  13:39  Orbital Command  
  21  14:32  SCV  
  22  14:44  SCV  
  23  14:51  Barracks  
  23  14:56  SCV  
  12  15:08  SCV  
Show
View Real Time Build Order
Export as new Build Order

Oliver Protoss - Winner!

Build Orders: 1 Gate Expand, Chargelot Immortal 

Get SALT Encoding   

  12  0:00  Probe  
  13  0:15  Probe  
  13  0:20  Pylon  
  14  0:28  Probe  
  15  0:40  Probe  
  16  0:43  Gateway  
  16  0:52  Probe  
  16  0:55  Assimilator  
  17  1:04  Probe  
  18  1:16  Probe  
  19  1:29  Probe  
  20  1:35  Nexus  
  20  1:41  Probe  
  21  1:48  Cybernetics Core  
  21  1:53  Probe  
  22  1:56  Assimilator  
  22  2:05  Probe  
  23  2:10  Pylon  
  23  2:42  Warp Gate  
  23  2:45  Adept  
  25  2:51  Probe  
  25  2:57  Probe  
  27  3:03  Probe  
  28  3:15  Stalker, Probe  
  31  3:27  Robotics Facility  
  31  3:30  Probe  
  33  3:34  Probe  
  33  3:42  Probe  
  33  3:45  Stalker  
  33  3:46  Probe  
  37  3:55  Probe  
  38  3:57  Twilight Council  
  38  4:06  Forge  
  38  4:08  Probe x2  
  40  4:15  Immortal, Sentry  
  46  4:25  Pylon x2  
  46  4:31  Assimilator  
  46  4:34  Assimilator  
  46  4:43  Probe x2  
  48  4:52  Pylon, Protoss Shields Level 1  
  48  4:53  Pylon  
  48  4:55  Charge  
  48  4:59  Warp Prism  
  50  5:11  Probe x2  
  52  5:23  Probe x2  
  54  5:36  Immortal  
  54  5:40  Zealot  
  60  5:54  Probe x2  
  62  6:06  Probe x2  
  62  6:09  Stalker  
  66  6:22  Gateway  
  66  6:24  Gateway  
  66  6:25  Gateway  
  66  6:27  Gateway  
  66  6:30  Gateway  
  66  6:33  Gateway  
  66  6:35  Gateway  
  66  6:37  Pylon  
  66  6:39  Pylon  
  66  6:41  Pylon  
  66  6:42  Pylon, Probe  
  66  6:45  Templar Archives  
  67  6:47  Immortal  
  67  6:49  Stalker  
  73  7:01  Protoss Ground Armor Level 1  
  73  7:13  Zealot  
  75  7:26  Stalker x2  
  75  7:27  Stalker  
  75  7:28  Stalker  
  83  7:36  Immortal  
  81  7:50  Stalker  
  69  7:52  Zealot x3  
  69  7:53  Zealot  
  69  7:54  Psionic Storm  
  69  7:58  Zealot  
  79  7:59  High Templar  
  79  8:00  High Templar  
  83  8:16  Immortal  
  83  8:18  High Templar  
  83  8:19  High Templar x2  
  93  8:23  Zealot x2  
  93  8:24  Zealot  
  99  8:45  Zealot  
  99  8:46  Zealot  
  99  8:47  Zealot x2  
  99  8:48  Zealot  
  109  9:09  Pylon  
  109  9:10  Pylon  
  109  9:16  Pylon  
  109  9:17  Pylon  
  109  9:18  Pylon  
  109  9:20  Pylon  
  109  9:34  Immortal  
  113  9:38  Stalker  
  77  11:14  Nexus  
  77  11:40  Pylon  
  77  11:42  Nexus  
  77  11:43  Pylon  
  77  11:47  Pylon  
  77  11:51  Pylon  
  76  11:54  Assimilator  
  64  12:51  Probe (Chrono Boost)  
  61  13:01  Probe  
  62  13:13  Probe  
  63  13:42  Pylon  
  63  13:46  Pylon  
  63  14:00  Probe  
  64  14:13  Probe (Chrono Boost)  
  65  14:24  Probe (Chrono Boost)  
  59  14:28  Probe (Chrono Boost)  
  60  14:39  Probe  
  61  14:52  Gateway  
  61  14:59  Probe  
Tags
 
Add a new tag
Caveats
  • Supply blocks, unpowered buildings, or Contaminate may cause inaccurate times.
  • Supply counts are checked every 10 seconds.